 Dungeon Crawl Stone Soup version 0.28.0-53-g5a82cb258f (webtiles) character file.

Game seed: 8636667188538779415

326 NoAnimeNoLife the Vandal (level 6, -3/51 HPs)
             Began as a Minotaur Hunter on June 2, 2022.
             Slain by an ogre
             ... wielding a +0 giant spiked club
              (30 damage)
             ... on level 4 of the Dungeon.
             The game lasted 00:03:54 (3627 turns).

NoAnimeNoLife the Vandal (Minotaur Hunter)          Turns: 3627, Time: 00:03:55

Health: -3/51      AC:  8    Str: 17    XL:     6   Next: 24%
Magic:  5/5        EV:  7    Int:  8    God:
Gold:   110        SH:  0    Dex: 12    Spells: 5/5 levels left

rFire   . . .      SeeInvis .   a - +1 hunting sling
rCold   . . .      Faith    .   (no shield)
rNeg    . . .      Spirit   .   i - +0 chain mail
rPois   .          Reflect  .   (helmet restricted)
rElec   .          Harm     .   (no cloak)
rCorr   .          Rampage  .   (no gloves)
Will    .....                   (no boots)
Stlth   ..........              (no amulet)
HPRegen 0.17/turn               k - ring of flight
MPRegen 0.09/turn               (no ring)

@: flying
A: horns 2, retaliatory headbutt
a: no special abilities


You were on level 4 of the Dungeon.
You visited 1 branch of the dungeon, and saw 4 of its levels.

You collected 158 gold pieces.
You spent 48 gold pieces at shops.

Inventory:

Hand Weapons
 a - a +1 hunting sling (weapon)
 b - a +0 short sword
 h - a +1 mace of pain
Missiles
 d - 71 sling bullets (quivered ammo)
 j - 34 stones
Armour
 c - a +0 leather armour
 i - a +0 chain mail (worn)
Jewellery
 k - a ring of flight (left hand)
Wands
 e - a wand of acid (12)
Potions
 f - 2 potions of magic
 g - a potion of brilliance
 l - a potion of berserk rage {unknown}
 m - a potion of might {unknown}


   Skills:
 - Level 3.0 Fighting
 + Level 7.8 Slings
 - Level 2.6 Dodging
 - Level 1.3 Stealth


You had 5 spell levels left.
You didn't know any spells.
Your spell library contained the following spells:

 Spells                   Type           Power      Damage    Failure   Level
 Apportation              Tloc           0%         N/A       100%        1
 Tukima's Dance           Hex            0%         N/A       100%        3
 Passage of Golubria      Tloc           0%         N/A       100%        4
 Alistair's Intoxication  Tmut/Pois      0%         N/A       100%        5
 Yara's Violent Unravell  Hex/Tmut       0%         3d3       100%        5


Dungeon Overview and Level Annotations

Branches:
Dungeon (4/15)
 Temple: D:4-7

Altars:
Makhleb

Shops:
D:3 (??=


Innate Abilities, Weirdness & Mutations

You have a pair of horns on your head.
You reflexively headbutt those who attack you in melee.


Message History

The hound is heavily wounded.
The hound bites you but does no damage.
You shoot a sling bullet.
The sling bullet barely misses the hound.
The sling bullet hits the ogre.
The ogre is moderately wounded.
The hound bites you but does no damage. x2
You shoot a sling bullet.
The sling bullet hits the hound but does no damage.
The hound is heavily wounded.
The hound bites you.
You shoot a sling bullet.
The sling bullet barely misses the hound.
The sling bullet barely misses the ogre.
The hound closely misses you. The hound bites you but does no damage.
You shoot a sling bullet.
The sling bullet barely misses the hound.
The sling bullet barely misses the ogre.
The hound bites you but does no damage.
You shoot a sling bullet.
The sling bullet barely misses the hound.
The sling bullet barely misses the ogre.
The hound bites you.
You shoot a sling bullet.
The sling bullet hits the hound but does no damage.
The hound is heavily wounded.
The hound bites you. The hound bites you but does no damage.
You shoot a sling bullet. The sling bullet hits the hound!
You kill the hound!
You shoot a sling bullet.
The sling bullet barely misses the ogre.
The ogre hits you with a +0 giant spiked club!
You shoot a sling bullet.
The sling bullet barely misses the ogre.
You shoot a sling bullet. The sling bullet hits the ogre!
The ogre is heavily wounded.
The ogre hits you with a +0 giant spiked club!!
Ouch! That really hurt!
You die...

### ### ##. ##### #.#
#.# #.... ##...###.###
##.##......
#....##....###.O((...(((
###........##.@#........
##..).....#...###.#....
#......#......# ## ...
####......##.#...# .
#.........##.#.......
...........#..##.....
##.................##
.........#...........
.....#..##..... ...##


You could see an ogre.

Vanquished Creatures
  A phantom (D:4)
  A scorpion (D:4)
  A hound (D:4)
  An orc priest (D:3)
  4 adders
  An adder skeleton (D:4)
  A worm (D:2)
  4 dart slugs
  4 orcs
  8 ball pythons
  7 endoplasms
  A giant cockroach (D:2)
  3 goblins
  5 hobgoblins
  11 jackals
  4 kobolds (D:2)
  4 quokkas
  5 bats
  6 frilled lizards
  8 rats
80 creatures vanquished.

Notes
Turn   | Place    | Note
-------+----------+-------------------------------------------
     0 | D:1      | NoAnimeNoLife the Minotaur Hunter began the quest for the
                  | Orb.
     0 | D:1      | Reached XP level 1. HP: 18/18 MP: 0/0
   146 | D:1      | Reached skill level 1 in Stealth
   311 | D:1      | Found a faded altar of an unknown god.
   424 | D:1      | Reached XP level 2. HP: 25/25 MP: 1/1
   957 | D:1      | Reached XP level 3. HP: 19/31 MP: 2/2
  1441 | D:2      | Reached skill level 5 in Slings
  1805 | D:2      | Reached XP level 4. HP: 33/38 MP: 3/3
  2575 | D:3      | Reached skill level 6 in Slings
  2727 | D:3      | Found Gurubuer's Magic Scroll Emporium.
  2805 | D:3      | Found Tizonowa's Jewellery Shop.
  2956 | D:3      | Reached XP level 5. HP: 45/45 MP: 4/4
  2963 | D:3      | Found Veuj's Weapon Boutique.
  3057 | D:3      | Found Hyryxabang's Magic Scroll Shoppe.
  3061 | D:3      | Bought a scroll of identify for 24 gold pieces
  3061 | D:3      | Bought a scroll of identify for 24 gold pieces
  3182 | D:3      | Found a burning altar of Makhleb.
  3188 | D:3      | Identified the +1 whip of the Tooth {freeze, rF+ rC+
                  | Stlth+}
  3381 | D:4      | Noticed a phantom
  3390 | D:4      | Killed a phantom
  3391 | D:4      | Reached skill level 7 in Slings
  3572 | D:4      | Reached XP level 6. HP: 51/51 MP: 5/5
  3627 | D:4      | Slain by an ogre

Illustrated notes

Levels and vault maps discovered:
D:1:      dpeg_arrival_rhombus, layout_basic,
          shapermc_ecumenical_altar_acropolis
D:2:      layout_basic, kennysheep_generic_room_10
D:3:      layout_loops_cross, bloody_makhleb, serial_shops, shop,
          nicolae_shop_crystal, nicolae_shop_behind_doors, nicolae_shop_stone,
          amcnicky_mini_pool_small
D:4:      layout_cave_pools, grunt_qazlal_clouds, serial_shops, shop,
          grunt_decor_clamped

Skill      XL: |  1  2  3  4  5 |
---------------+----------------+-----
Stealth        | 1 |  1.3
Fighting       | 3 |  3.0
Slings         | 5 6 7 |  7.8
Dodging        | |  2.6

Action                   |  1- 3 |  4- 6 || total
-------------------------+-------+-------++-------
Melee: Short sword       |    22 |       ||    22
       Mace              |    91 |    21 ||   112
       Headbutt          |    12 |     5 ||    17
       Punch             |       |     1 ||     1
 Fire: Hunting sling     |       |    82 ||    82
  Use: Scroll            |       |     4 ||     4
 Stab: Sleeping          |     1 |       ||     1
Armor: Leather armour    |    21 |       ||    21
       Chain mail        |    30 |    27 ||    57
Dodge: Dodged            |    49 |    16 ||    65
